 Dungeon Crawl Stone Soup version 0.20.1-1-g8b1a95d (webtiles) character file.

154 wolfsongas the Cudgeler (level 5, 0/32 HPs)
             Began as a Gargoyle Fighter on May 24, 2017.
             Slain by Grinder (1 damage)
             ... on level 3 of the Dungeon on July 31, 2017.
             The game lasted 00:05:44 (2028 turns).

wolfsongas the Cudgeler (Gargoyle Fighter)          Turns: 2028, Time: 00:05:45

Health: 0/32       AC: 10    Str: 20    XL:     5   Next: 35%
Magic:  5/5        EV:  7    Int: 12    God:
Gold:   102        SH: 10    Dex: 10    Spells: 4/4 levels left

rFire    . . .     SeeInvis .   n - +2 mace (drain)
rCold    . . .     Gourm    .   c - +1 shield
rNeg     + . .     Faith    .   b - +0 scale mail
rPois    ∞         Spirit   .   (no helmet)
rElec    +         Reflect  .   (no cloak)
rCorr    .         Harm     .   (no gloves)
MR       .....                  (no boots)
Stlth    ..........             (no amulet)
Regen    0.1/turn               h - +4 ring of intelligence
MPRegen  0.1/turn               (no ring)

@: no status effects
A: negative energy resistance 1, electricity resistance, unbreathing,
petrification resistance, rot immunity, AC +4
a: no special abilities


You were on level 3 of the Dungeon.
You were not hungry.

You visited 1 branch of the dungeon, and saw 3 of its levels.

You collected 102 gold pieces.

Inventory:

Hand Weapons
 a - a +0 flail
 n - a +2 mace of draining (weapon)
Armour
 b - a +0 scale mail (worn)
 c - a +1 shield (worn)
Magical Staves
 l - an uncursed staff of conjuration
Jewellery
 h - a +4 ring of intelligence (left hand)
Scrolls
 g - 2 scrolls of remove curse
 j - 6 scrolls of teleportation
 k - 2 scrolls of enchant weapon
 o - a scroll of identify
 q - a scroll of immolation {unknown}
 u - 2 scrolls of enchant armour
Potions
 d - 2 potions of might
 e - 4 potions of curing
 m - a potion of heal wounds {unknown}
 p - a potion of brilliance {unknown}
 s - a potion of resistance
 t - a potion of ambrosia {unknown}
Comestibles
 f - 2 bread rations
 i - 13 fruits
 r - a meat ration


   Skills:
 - Level 3.2 Fighting
 * Level 5.2 Maces & Flails
 - Level 3.2 Armour
 + Level 0.2 Dodging
 + Level 0.5 Stealth
 - Level 3.2 Shields


You had 4 spell levels left.
You didn't know any spells.

Dungeon Overview and Level Annotations

Branches:
Dungeon (3/15)

Altars:

Annotations:
D:3 Grinder


Innate Abilities, Weirdness & Mutations

You are resistant to torment.
Your stone body is resilient. (AC +4)
You are immune to poison.
You resist negative energy. (rN+)
You are resistant to electric shocks. (rElec)
You can survive without breathing.
You are immune to petrification.
You are immune to rotting.


Message History

You are too injured to fight recklessly!
You barely miss the orc. The orc hits you but does no damage.
You sock the orc!
You kill the orc!
Things that are here:
a mace; a leather armour; a scroll of enchant armour You suddenly lose the ability to move!
Found a ring mail.
Something hits you but does no damage. Something hits you.
Something hits you but does no damage. x2
You can move again.
You hit something. Something hits you.
* * * LOW HITPOINT WARNING * * *
You writhe in agony.
* * * LOW HITPOINT WARNING * * *
Something hits you.
* * * LOW HITPOINT WARNING * * *
You writhe in agony.
You die...

### #.#
#############.#
[......@{)....#
#############.#
#.# #.# ######
#.# #....# #.#
#....### #.#
#....... #.#
###.....
####'### #.....


There were no monsters in sight!

Vanquished Creatures
  Natasha (thrice) (D:2)
  3 adders (D:2)
  3 worms
  3 leopard geckos
  An orc (D:3)
  5 giant cockroaches
  6 goblins
  2 hobgoblins
  7 bats
  3 frilled lizards
  6 kobolds
  5 rats
47 creatures vanquished.

Notes
Turn   | Place    | Note
-------+----------+-------------------------------------------
     0 | D:1      | wolfsongas the Gargoyle Fighter began the quest for the Orb.
     0 | D:1      | Reached XP level 1. HP: 14/14 MP: 1/1
   376 | D:1      | Reached XP level 2. HP: 12/19 MP: 2/2
   496 | D:1      | Reached skill level 3 in Maces & Flails
   949 | D:2      | Reached XP level 3. HP: 14/23 MP: 3/3
  1322 | D:2      | Upgraded the game from 0.20-b1-18-gaa2fd62 to 0.20.1-1-g8b1a95d
  1539 | D:2      | Reached skill level 4 in Maces & Flails
  1611 | D:2      | Reached XP level 4. HP: 28/28 MP: 4/4
  1621 | D:2      | Noticed Natasha
  1638 | D:2      | Killed Natasha
  1660 | D:2      | Noticed Natasha
  1672 | D:2      | Killed Natasha
  1735 | D:2      | Noticed Natasha
  1745 | D:2      | Killed Natasha
  1745 | D:2      | Reached skill level 5 in Maces & Flails
  1745 | D:2      | Reached XP level 5. HP: 17/32 MP: 5/5
  2008 | D:3      | Noticed Grinder
  2014 | D:3      | Paralysed by something for 3 turns
  2022 | D:3      | Paralysed by something for 6 turns
  2028 | D:3      | HP: 1/32 [something (5)]
  2028 | D:3      | Slain by Grinder

Skill      XL: |  1  2  3  4 |
---------------+-------------+-----
Maces & Flails | 3 4 5 |  5.2
Fighting       | |  3.2
Armour         | |  3.2
Dodging        | |  0.2
Stealth        | |  0.5
Shields        | |  3.2

Action                   |  1- 3 |  4- 6 || total
-------------------------+-------+-------++-------
Melee: Flail             |    97 |       ||    97
       Mace              |    21 |    58 ||    79
  Use: Scroll            |     7 |       ||     7
       Potion            |     1 |       ||     1
  Eat: Bread ration      |     1 |       ||     1
Armor: Scale mail        |    64 |    29 ||    93
Dodge: Dodged            |    49 |    17 ||    66
Block: Shield            |    71 |    23 ||    94
